San Jose Sharks vs St.Louis Blues

Created - Monday, December 1, 2025 at 07:39

Goals
1 2 3 T
San Jose Sharks 2 0 4 6
St.Louis Blues 0 4 0 4
Shots
1 2 3 T
San Jose Sharks 7 10 16 33
St.Louis Blues 6 15 8 29

1st period

1. San Jose Sharks , Morgan Geekie 3 (Ilya Mikheyev 4) at 6:10
2. San Jose Sharks , Kevin Fiala 4 (Carter Verhaeghe 6, Marcus Pettersson 2) at 8:53

Penalties :
Connor Murphy (SJS) for Boarding (Minor) at 16:28

2nd period

3. St.Louis Blues , Brayden Point 3 (Jack Eichel 9, Colton Parayko 3) at 4:11
4. St.Louis Blues , Jack Eichel 2 (Robert Thomas 2, Brayden Point 5) at 7:56 (PP)
5. St.Louis Blues , Robert Thomas 5 (Brayden Point 6, Mark Stone 1) at 11:39 (PP)
6. St.Louis Blues , Jake Sanderson 4 (Mark Stone 2, Jaccob Slavin 2) at 17:58

Penalties :
Carter Verhaeghe (SJS) for Tripping (Minor) at 1:21, Casey Cizikas (SJS) for High sticking (Minor) at 7:38, Connor Murphy (SJS) for High sticking (Minor) at 10:52

3rd period

7. San Jose Sharks , Alexander Wennberg 3 (Kevin Fiala 3, Justin Barron 1) at 5:30 (SH)
8. San Jose Sharks , Kevin Fiala 5 (Josh Manson 2, Alexander Wennberg 2) at 7:17
9. San Jose Sharks , Max Domi 2 (Travis Boyd 2) at 13:00
10. San Jose Sharks , Carter Verhaeghe 3 (Kevin Fiala 4) at 19:14

Penalties :
Carter Verhaeghe (SJS) for Tripping (Minor) at 4:43, Yanni Gourde (STL) for Holding (Minor) at 14:00

Goalie Stats

Jacob Markstrom (SJS), 25 saves from 29 shots - (0.862), W, 3-2-0, 60:00 minutes
Connor Hellebuyck (STL), 27 saves from 33 shots - (0.818), L, 3-4-0, 60:00 minutes

Players Stats for San Jose Sharks

Player Name              G  A  P  +/- PIM S  H  SB GA TA FO     MP     PP MP  PK MP  
------------------------------------------------------------------------------------
Alexander Wennberg       1  1  2   2  0   4  1  1  0  1  13/31  19:01   1:05   3:00 
Andre Burakovsky         0  0  0   0  0   4  0  0  1  0  0/0    15:08   0:54   0:00 
Anthony Beauvillier      0  0  0   1  0   0  1  0  0  0  2/2    16:57   0:00   4:16 
Brandon Tanev            0  0  0   0  0   2  2  0  0  0  0/0     9:15   0:00   0:00 
Carter Verhaeghe         1  1  2   2  4   3  4  1  2  1  1/3    17:29   1:05   1:18 
Casey Cizikas            0  0  0   1  2   1  1  1  0  0  1/2    12:10   0:00   1:33 
Connor Murphy            0  0  0   2  4   3  3  1  0  1  0/0    25:24   1:11   1:55 
Ilya Mikheyev            0  1  1   2  0   0  0  0  1  1  0/2    13:55   0:54   0:28 
Jon Merrill              0  0  0   0  0   0  0  0  0  0  0/0     6:54   0:00   1:00 
Josh Manson              0  1  1   2  0   1  4  0  0  0  0/0    22:30   0:48   3:24 
Justin Barron            0  1  1   2  0   0  1  0  0  1  0/0    20:13   1:11   4:14 
Kevin Fiala              2  2  4   2  0   4  1  1  1  1  2/5    19:23   1:05   3:29 
Marcus Pettersson        0  1  1   1  0   0  7  1  0  1  0/0    25:23   0:48   3:20 
Mark Jankowski           0  0  0   0  0   1  0  0  0  0  0/1     9:15   0:00   0:00 
Mattias Samuelsson       0  0  0   0  0   0  0  0  0  1  0/0    17:47   0:00   0:11 
Max Domi                 1  0  1   0  0   4  3  1  0  0  1/1    15:27   0:54   0:00 
Morgan Geekie            1  0  1   1  0   4  1  1  0  0  3/12   12:18   0:00   0:00 
Travis Boyd              0  1  1   1  0   2  1  0  0  0  5/8    14:24   0:00   0:00 

Players Stats for St.Louis Blues

Player Name              G  A  P  +/- PIM S  H  SB GA TA FO     MP     PP MP  PK MP  
------------------------------------------------------------------------------------
Adam Pelech              0  0  0   0  0   1  0  1  0  0  0/0    11:34   0:00   0:00 
Alex Tuch                0  0  0  -2  0   1  0  0  0  0  0/1    17:49   2:22   0:00 
Brandon Hagel            0  0  0  -1  0   1  3  0  1  0  0/2    17:29   2:22   0:00 
Brayden Point            1  2  3  -1  0   4  0  0  0  1  1/1    19:35   4:40   0:00 
Colton Parayko           0  1  1  -2  0   1  1  2  1  0  0/0    17:43   0:00   1:01 
Connor Clifton           0  0  0   0  0   1  5  1  0  0  0/0    12:15   0:00   0:58 
Elias Pettersson         0  0  0  -3  0   0  2  0  4  0  0/0    18:11   2:24   0:00 
Isac Lundestrom          0  0  0   0  0   2  1  0  0  0  1/3     8:52   0:00   1:02 
Jaccob Slavin            0  1  1  -1  0   1  3  0  0  1  0/0    22:59   0:00   0:58 
Jack Eichel              1  1  2  -2  0   5  2  1  0  1  6/13   19:37   4:40   0:00 
Jake Sanderson           1  0  1  -1  0   1  1  2  1  1  0/0    28:19   4:38   1:01 
Joona Koppanen           0  0  0   0  0   0  2  0  0  0  0/0    10:19   0:00   0:57 
Logan O'Connor           0  0  0   0  0   0  1  0  0  0  0/0     8:52   0:00   1:02 
Mark Stone               0  2  2   0  0   3  1  0  0  1  0/0    16:13   4:38   0:00 
Mikhail Sergachev        0  0  0  -3  0   1  0  1  0  0  0/0    19:26   2:24   0:00 
Robert Thomas            1  1  2  -4  0   5  0  1  0  0  24/37  20:17   4:40   0:00 
Vincent Trocheck         0  0  0   0  0   1  1  0  1  0  7/10   15:55   2:22   0:57 
Yanni Gourde             0  0  0   0  2   1  3  0  0  0  0/0    12:35   0:00   0:00 

3 Stars

1 - Kevin Fiala (SJS)
2 - Alexander Wennberg (SJS)
3 - Carter Verhaeghe (SJS)

Power Play

San Jose Sharks - 0 on 1 Attempt(s) - 0.00%
St.Louis Blues - 2 on 5 Attempt(s) - 40.00%

Penalty Kill

San Jose Sharks - 3 on 5 Attempt(s) - 60.00% - Score 1 goal in Penalty Kill
St.Louis Blues - 1 on 1 Attempt(s) - 100.00% - Score 0 goal in Penalty Kill

Team Stat

San Jose Sharks - Hits : 30 - Faceoff Wins : 28 - Blocked Shots : 8 - Penalty Minutes : 10
St.Louis Blues - Hits : 26 - Faceoff Wins : 39 - Blocked Shots : 9 - Penalty Minutes : 2

Official

Referees : Jordan Samuels and Ian Walsh
Linesman : Kilian McNamara and Devin Berg

Game Notes

Jon Merrill is injured at 5:19 of 2nd period (Sore Left Knee)

Finance

Level 1 -- Attendance: 6000 (100.00%) -- Ticket Income $570,000
Level 2 -- Attendance: 5000 (100.00%) -- Ticket Income $285,000
Level 3 -- Attendance: 3000 (100.00%) -- Ticket Income $99,000
Level 4 -- Attendance: 5000 (100.00%) -- Ticket Income $115,000
Luxury Box -- Attendance: 872 (87.20%) -- Ticket Income $169,168
Game was played at the Scottrade Center.
Total Attendance: 19872 (99.36%)
Total Ticket Income: $1,238,168
Other Income: $433,359
Total Income: $1,671,527

San Jose Sharks

5 vs 5 Forward 
   Center                   Left Wing                Right Wing               Time % Phy DF OF 
 1 Alexander Wennberg       Kevin Fiala              Carter Verhaeghe         30     1   2  2  
 2 Travis Boyd              Max Domi                 Andre Burakovsky         30     1   2  2  
 3 Morgan Geekie            Anthony Beauvillier      Ilya Mikheyev            25     1   2  2  
 4 Casey Cizikas            Brandon Tanev            Mark Jankowski           15     1   2  2  

5 vs 5 Defense 
   Defense                  Defense                                           Time % Phy DF OF 
 1 Mattias Samuelsson       Connor Murphy                                     30     1   2  2  
 2 Jon Merrill              Marcus Pettersson                                 30     1   2  2  
 3 Josh Manson              Justin Barron                                     25     1   2  2  
 4 Marcus Pettersson        Connor Murphy                                     15     1   2  2  

PowerPlay Forward 
   Center                   Left Wing                Right Wing               Time % Phy DF OF 
 1 Alexander Wennberg       Kevin Fiala              Carter Verhaeghe         50     1   2  2  
 2 Ilya Mikheyev            Max Domi                 Andre Burakovsky         50     1   2  2  

PowerPlay Defense
   Defense                  Defense                                           Time % Phy DF OF 
 1 Justin Barron            Connor Murphy                                     50     1   2  2  
 2 Josh Manson              Marcus Pettersson                                 50     1   2  2  

Penalty Kill 4 Players Forward 
   Center                   Wing                     Time % Phy DF OF 
 1 Kevin Fiala              Carter Verhaeghe         50     1   2  2  
 2 Alexander Wennberg       Anthony Beauvillier      50     1   2  2  

Penalty Kill 4 Players Defense
   Defense                  Defense                  Time % Phy DF OF 
 1 Josh Manson              Connor Murphy            50     1   2  2  
 2 Justin Barron            Marcus Pettersson        50     1   2  2  

Penalty Kill - 3 Players Forward 
   Forward                                           Time % Phy DF OF 
 1 Kevin Fiala                                       50     1   2  2  
 2 Carter Verhaeghe                                  50     1   2  2  

Penalty Kill - 3 Players Defense
   Defense                  Defense                  Time % Phy DF OF 
 1 Josh Manson              Connor Murphy            50     1   2  2  
 2 Justin Barron            Marcus Pettersson        50     1   2  2  

4 vs 4 Forward 
   Center                   Wing                     Time % Phy DF OF 
 1 Alexander Wennberg       Kevin Fiala              50     1   2  2  
 2 Max Domi                 Carter Verhaeghe         50     1   2  2  

4 vs 4 Defense
   Defense                  Defense                  Time % Phy DF OF 
 1 Justin Barron            Connor Murphy            50     1   2  2  
 2 Josh Manson              Marcus Pettersson        50     1   2  2  

Last Minutes Offensive
   Center                   Left Wing                Right Wing               Defense                  Defense                  
   Carter Verhaeghe         Kevin Fiala              Travis Boyd              Mattias Samuelsson       Connor Murphy            

Last Minutes Defensive
   Center                   Left Wing                Right Wing               Defense                  Defense                  
   Carter Verhaeghe         Kevin Fiala              Travis Boyd              Mattias Samuelsson       Connor Murphy            

Goaltenders
Starting : Jacob Markstrom          
Backup : Jakub Dobes              

Extra Forwards
Normal : Ilya Mikheyev, Kevin Fiala, Anthony Beauvillier - PP : Ilya Mikheyev, Carter Verhaeghe - PK : Anthony Beauvillier
Extra Defensemen
Normal : Josh Manson, Justin Barron, Connor Murphy - PP : Josh Manson - PK : Justin Barron, Connor Murphy
Penalty Shots
Kevin Fiala, Carter Verhaeghe, Alexander Wennberg, Travis Boyd, Max Domi

Scratches
Adam Henrique (Healthy), Danton Heinen (Healthy), Jake McCabe (Healthy)

St.Louis Blues

5 vs 5 Forward 
   Center                   Left Wing                Right Wing               Time % Phy DF OF 
 1 Jack Eichel              Brandon Hagel            Brayden Point            35     0   2  3  
 2 Robert Thomas            Elias Pettersson         Alex Tuch                35     0   2  3  
 3 Vincent Trocheck         Yanni Gourde             Mark Stone               25     1   2  2  
 4 Isac Lundestrom          Joona Koppanen           Logan O'Connor           5      1   3  1  

5 vs 5 Defense 
   Defense                  Defense                                           Time % Phy DF OF 
 1 Jake Sanderson           Jaccob Slavin                                     45     0   3  2  
 2 Mikhail Sergachev        Colton Parayko                                    35     0   3  2  
 3 Adam Pelech              Connor Clifton                                    20     1   2  2  
 4 Jake Sanderson           Jaccob Slavin                                     0      0   3  2  

PowerPlay Forward 
   Center                   Left Wing                Right Wing               Time % Phy DF OF 
 1 Robert Thomas            Jack Eichel              Brayden Point            60     0   0  5  
 2 Vincent Trocheck         Brandon Hagel            Alex Tuch                40     1   0  4  

PowerPlay Defense
   Defense                  Defense                                           Time % Phy DF OF 
 1 Mark Stone               Jake Sanderson                                    60     0   0  5  
 2 Elias Pettersson         Mikhail Sergachev                                 40     0   1  4  

Penalty Kill 4 Players Forward 
   Center                   Wing                     Time % Phy DF OF 
 1 Vincent Trocheck         Joona Koppanen           50     1   2  2  
 2 Isac Lundestrom          Logan O'Connor           50     1   2  2  

Penalty Kill 4 Players Defense
   Defense                  Defense                  Time % Phy DF OF 
 1 Jaccob Slavin            Connor Clifton           50     2   3  0  
 2 Jake Sanderson           Colton Parayko           50     2   3  0  

Penalty Kill - 3 Players Forward 
   Forward                                           Time % Phy DF OF 
 1 Vincent Trocheck                                  50     0   5  0  
 2 Isac Lundestrom                                   50     0   5  0  

Penalty Kill - 3 Players Defense
   Defense                  Defense                  Time % Phy DF OF 
 1 Jaccob Slavin            Connor Clifton           50     0   5  0  
 2 Jake Sanderson           Colton Parayko           50     0   5  0  

4 vs 4 Forward 
   Center                   Wing                     Time % Phy DF OF 
 1 Jack Eichel              Brayden Point            50     0   2  3  
 2 Robert Thomas            Brandon Hagel            50     0   2  3  

4 vs 4 Defense
   Defense                  Defense                  Time % Phy DF OF 
 1 Jake Sanderson           Jaccob Slavin            50     0   3  2  
 2 Mikhail Sergachev        Colton Parayko           50     0   3  2  

Last Minutes Offensive
   Center                   Left Wing                Right Wing               Defense                  Defense                  
   Robert Thomas            Jack Eichel              Brandon Hagel            Brayden Point            Jake Sanderson           

Last Minutes Defensive
   Center                   Left Wing                Right Wing               Defense                  Defense                  
   Vincent Trocheck         Isac Lundestrom          Logan O'Connor           Jake Sanderson           Jaccob Slavin            

Goaltenders
Starting : Connor Hellebuyck        
Backup : Scott Wedgewood          

Extra Forwards
Normal : Brandon Hagel, Mark Stone, Alex Tuch - PP : Vincent Trocheck, Brayden Point - PK : Jack Eichel
Extra Defensemen
Normal : Jake Sanderson, Mikhail Sergachev, Colton Parayko - PP : Jake Sanderson - PK : Jaccob Slavin, Jake Sanderson
Penalty Shots
Vincent Trocheck, Jack Eichel, Brayden Point, Robert Thomas, Brandon Hagel

Scratches
Artem Zub (Healthy), Jake Guentzel (Healthy), Luke Glendening (Healthy)

% Time on Ice - San Jose Sharks

Lines # - Real PCT - Wanted PCT - Time Play
Normal Forward
1 - 29% - 30% - 14:37
2 - 29% - 30% - 14:37
3 - 24% - 25% - 12:18
4 - 18% - 15% - 9:15
Normal Defense
1 - 29% - 30% - 14:47
2 - 35% - 30% - 17:37
3 - 24% - 25% - 12:06
4 - 12% - 15% - 6:17
PP Forward
1 - 55% - 50% - 1:05
2 - 45% - 50% - 0:54
PP Defense
1 - 60% - 50% - 1:11
2 - 40% - 50% - 0:48
PK Forward
1 - 56% - 50% - 3:57
2 - 44% - 50% - 3:05
PK Defense
1 - 48% - 50% - 3:24
2 - 52% - 50% - 3:38
PK3 Forward
1 - 0% - 50%
2 - 0% - 50%
PK3 Defense
1 - 0% - 50%
2 - 0% - 50%
44 Forward
1 - 0% - 50%
2 - 0% - 50%
44 Defense
1 - 0% - 50%
2 - 0% - 50%
Last Minute Offensive  - 0:00
Last Minute Defensive  - 0:12
Total
Forward - 60:00
Defense - 60:00

% Time on Ice - St.Louis Blues

Lines # - Real PCT - Wanted PCT - Time Play
Normal Forward
1 - 32% - 35% - 16:18
2 - 31% - 35% - 15:36
3 - 22% - 25% - 11:04
4 - 15% - 5% - 7:50
Normal Defense
1 - 44% - 45% - 22:23
2 - 34% - 35% - 17:02
3 - 22% - 20% - 11:23
4 - 0% - 0% - 0:00
PP Forward
1 - 66% - 60% - 4:40
2 - 34% - 40% - 2:22
PP Defense
1 - 66% - 60% - 4:38
2 - 34% - 40% - 2:24
PK Forward
1 - 48% - 50% - 0:57
2 - 52% - 50% - 1:02
PK Defense
1 - 49% - 50% - 0:58
2 - 51% - 50% - 1:01
PK3 Forward
1 - 0% - 50%
2 - 0% - 50%
PK3 Defense
1 - 0% - 50%
2 - 0% - 50%
44 Forward
1 - 0% - 50%
2 - 0% - 50%
44 Defense
1 - 0% - 50%
2 - 0% - 50%
Last Minute Offensive  - 0:11
Last Minute Defensive  - 0:00
Total
Forward - 60:00
Defense - 60:00

Play-by-Play

1st period


0:01 of 1st period - Alexander Wennberg wins face-off versus Jack Eichel in neutral zone.
0:30 of 1st period - Off-side.
0:31 of 1st period - Travis Boyd wins face-off versus Robert Thomas in neutral zone.
0:42 of 1st period - Wrist shot by Max Domi.
0:42 of 1st period - Stopped by Connor Hellebuyck without a rebound.
0:43 of 1st period - Vincent Trocheck wins face-off versus Morgan Geekie in St.Louis Blues zone.
0:58 of 1st period - Slapshot by Morgan Geekie.
0:58 of 1st period - Shot Hit the Post.
1:08 of 1st period - Josh Manson is hit by Connor Clifton and loses puck.
2:20 of 1st period - Wrist shot by Mark Stone.
2:20 of 1st period - Stopped by Jacob Markstrom without a rebound.
2:21 of 1st period - Max Domi wins face-off versus Jack Eichel in San Jose Sharks zone.
2:30 of 1st period - Snap shot by Andre Burakovsky.
2:30 of 1st period - Deflect By Max Domi.
2:30 of 1st period - Shot Misses the Net.
2:30 of 1st period - Puck is out of play.
2:31 of 1st period - Jack Eichel wins face-off versus Travis Boyd in St.Louis Blues zone.
3:16 of 1st period - Snap shot by Andre Burakovsky.
3:16 of 1st period - Shot Misses the Net.
3:18 of 1st period - Backhand shot by Connor Murphy.
3:18 of 1st period - Stopped by Connor Hellebuyck without a rebound.
3:19 of 1st period - Carter Verhaeghe wins face-off versus Robert Thomas in St.Louis Blues zone.
3:28 of 1st period - Elias Pettersson is hit by Marcus Pettersson and loses puck.
3:35 of 1st period - Adam Pelech is hit by Carter Verhaeghe and loses puck.
3:52 of 1st period - Wrist shot by Logan O'Connor.
3:52 of 1st period - Shot Blocked by Marcus Pettersson.
3:54 of 1st period - Wrist shot by Logan O'Connor.
3:54 of 1st period - Shot Misses the Net.
3:56 of 1st period - Slapshot by Logan O'Connor.
3:56 of 1st period - Shot Hit the Post.
3:58 of 1st period - Slapshot by Connor Clifton.
3:58 of 1st period - Stopped by Jacob Markstrom without a rebound.
3:59 of 1st period - Anthony Beauvillier wins face-off versus Vincent Trocheck in San Jose Sharks zone.
6:10 of 1st period - Wrist shot by Morgan Geekie.
6:10 of 1st period - Goal by Morgan Geekie - San Jose Sharks : 1 - St.Louis Blues : 0.
6:11 of 1st period - Robert Thomas wins face-off versus Morgan Geekie in neutral zone.
6:37 of 1st period - Mark Stone is hit by Marcus Pettersson and loses puck.
6:46 of 1st period - Slapshot by Vincent Trocheck.
6:46 of 1st period - Shot Misses the Net.
6:48 of 1st period - Snap shot by Mark Stone.
6:48 of 1st period - Shot Misses the Net.
7:04 of 1st period - Snap shot by Mark Jankowski.
7:04 of 1st period - Stopped by Connor Hellebuyck without a rebound.
7:05 of 1st period - Robert Thomas wins face-off versus Alexander Wennberg in St.Louis Blues zone.
7:12 of 1st period - Snap shot by Elias Pettersson.
7:12 of 1st period - Deflect By Robert Thomas.
7:12 of 1st period - Shot Misses the Net.
7:12 of 1st period - Puck is out of play.
7:13 of 1st period - Robert Thomas wins face-off versus Morgan Geekie in San Jose Sharks zone.
7:19 of 1st period - Off-side.
7:20 of 1st period - Jack Eichel wins face-off versus Morgan Geekie in neutral zone.
7:23 of 1st period - Snap shot by Brandon Hagel.
7:23 of 1st period - Deflect By Brayden Point.
7:23 of 1st period - Stopped by Jacob Markstrom with a rebound.
7:25 of 1st period - Slapshot by Jaccob Slavin.
7:25 of 1st period - Stopped by Jacob Markstrom without a rebound.
7:26 of 1st period - Alexander Wennberg wins face-off versus Brandon Hagel in San Jose Sharks zone.
7:59 of 1st period - Wrist shot by Brayden Point.
7:59 of 1st period - Shot Blocked by Connor Murphy.
8:07 of 1st period - Snap shot by Brayden Point.
8:07 of 1st period - Deflect By Brandon Hagel.
8:07 of 1st period - Shot Misses the Net.
8:07 of 1st period - Puck is out of play.
8:08 of 1st period - Travis Boyd wins face-off versus Robert Thomas in San Jose Sharks zone.
8:08 of 1st period - Travis Boyd is hit by Elias Pettersson.
8:39 of 1st period - Off-side.
8:40 of 1st period - Vincent Trocheck wins face-off versus Mark Jankowski in neutral zone.
8:43 of 1st period - Snap shot by Vincent Trocheck.
8:43 of 1st period - Stopped by Jacob Markstrom without a rebound.
8:44 of 1st period - Vincent Trocheck wins face-off versus Alexander Wennberg in San Jose Sharks zone.
8:53 of 1st period - Wrist shot by Kevin Fiala.
8:53 of 1st period - Goal by Kevin Fiala - San Jose Sharks : 2 - St.Louis Blues : 0.
8:54 of 1st period - Robert Thomas wins face-off versus Carter Verhaeghe in neutral zone.
9:21 of 1st period - Brayden Point is hit by Anthony Beauvillier and loses puck.
9:47 of 1st period - Mark Stone is hit by Josh Manson and loses puck.
11:24 of 1st period - Marcus Pettersson is hit by Logan O'Connor and loses puck.
11:33 of 1st period - Colton Parayko is hit by Brandon Tanev and loses puck.
12:54 of 1st period - Brandon Tanev is hit by Connor Clifton and loses puck.
13:32 of 1st period - Connor Murphy is hit by Jaccob Slavin.
13:46 of 1st period - Morgan Geekie is hit by Jaccob Slavin and loses puck.
14:01 of 1st period - Icing by Jake Sanderson.
14:02 of 1st period - Vincent Trocheck wins face-off versus Travis Boyd in St.Louis Blues zone.
14:32 of 1st period - Adam Pelech is hit by Max Domi and loses puck.
14:40 of 1st period - Snap shot by Andre Burakovsky.
14:40 of 1st period - Stopped by Connor Hellebuyck without a rebound.
14:41 of 1st period - Robert Thomas wins face-off versus Alexander Wennberg in St.Louis Blues zone.
15:07 of 1st period - Connor Clifton is hit by Josh Manson.
15:13 of 1st period - Backhand shot by Brayden Point.
15:13 of 1st period - Shot Blocked by Morgan Geekie.
15:37 of 1st period - Slapshot by Brandon Tanev.
15:37 of 1st period - Stopped by Connor Hellebuyck with a rebound.
15:51 of 1st period - Max Domi is hit by Vincent Trocheck and loses puck.
16:20 of 1st period - Wrist shot by Jack Eichel.
16:20 of 1st period - Stopped by Jacob Markstrom with a rebound.
16:22 of 1st period - Slapshot by Jake Sanderson.
16:22 of 1st period - Shot Misses the Net.
16:28 of 1st period - Minor Penalty to Connor Murphy for Boarding.
16:29 of 1st period - Robert Thomas wins face-off versus Kevin Fiala in San Jose Sharks zone.
17:34 of 1st period - Vincent Trocheck is hit by Carter Verhaeghe and loses puck.
18:28 of 1st period - Penalty to Connor Murphy is over, Connor Murphy is back on ice.
19:23 of 1st period - Jake Sanderson is hit by Josh Manson and loses puck.
Goals for this period are 2 for San Jose Sharks vs 0 for St.Louis Blues.
Shots for this period are 7 for San Jose Sharks vs 6 for St.Louis Blues.

2nd period


0:01 of 2nd period - Alexander Wennberg wins face-off versus Robert Thomas in neutral zone.
0:31 of 2nd period - Wrist shot by Brandon Hagel.
0:31 of 2nd period - Stopped by Jacob Markstrom with a rebound.
0:33 of 2nd period - Wrist shot by Jack Eichel.
0:33 of 2nd period - Deflect By Brayden Point.
0:33 of 2nd period - Shot Misses the Net.
0:33 of 2nd period - Puck is out of play.
0:34 of 2nd period - Jack Eichel wins face-off versus Morgan Geekie in San Jose Sharks zone.
0:43 of 2nd period - Slapshot by Jack Eichel.
0:43 of 2nd period - Stopped by Jacob Markstrom without a rebound.
0:44 of 2nd period - Robert Thomas wins face-off versus Morgan Geekie in San Jose Sharks zone.
0:45 of 2nd period - Snap shot by Elias Pettersson.
0:45 of 2nd period - Shot Misses the Net.
0:47 of 2nd period - Slapshot by Colton Parayko.
0:47 of 2nd period - Stopped by Jacob Markstrom with a rebound.
0:57 of 2nd period - Snap shot by Robert Thomas.
0:57 of 2nd period - Stopped by Jacob Markstrom without a rebound.
0:58 of 2nd period - Alexander Wennberg wins face-off versus Robert Thomas in San Jose Sharks zone.
1:08 of 2nd period - Off-side.
1:09 of 2nd period - Robert Thomas wins face-off versus Alexander Wennberg in neutral zone.
1:21 of 2nd period - Minor Penalty to Carter Verhaeghe for Tripping.
1:22 of 2nd period - Robert Thomas wins face-off versus Kevin Fiala in San Jose Sharks zone.
1:28 of 2nd period - Justin Barron is hit by Mark Stone.
1:58 of 2nd period - Marcus Pettersson is hit by Brandon Hagel and loses puck.
2:33 of 2nd period - Jack Eichel is hit by Connor Murphy.
2:34 of 2nd period - Icing by Jack Eichel.
2:35 of 2nd period - Robert Thomas wins face-off versus Casey Cizikas in St.Louis Blues zone.
2:50 of 2nd period - Wrist shot by Vincent Trocheck.
2:50 of 2nd period - Shot Misses the Net.
2:52 of 2nd period - Slapshot by Jake Sanderson.
2:52 of 2nd period - Deflect By Brandon Hagel.
2:52 of 2nd period - Shot Misses the Net.
2:52 of 2nd period - Puck is out of play.
2:53 of 2nd period - Alexander Wennberg wins face-off versus Brandon Hagel in San Jose Sharks zone.
3:02 of 2nd period - Snap shot by Alexander Wennberg.
3:02 of 2nd period - Stopped by Connor Hellebuyck without a rebound.
3:03 of 2nd period - Robert Thomas wins face-off versus Alexander Wennberg in St.Louis Blues zone.
3:21 of 2nd period - Penalty to Carter Verhaeghe is over, Carter Verhaeghe is back on ice.
3:30 of 2nd period - Logan O'Connor is hit by Max Domi.
4:11 of 2nd period - Snap shot by Brayden Point.
4:11 of 2nd period - Goal by Brayden Point - San Jose Sharks : 2 - St.Louis Blues : 1.
4:12 of 2nd period - Robert Thomas wins face-off versus Alexander Wennberg in neutral zone.
4:23 of 2nd period - Wrist shot by Elias Pettersson.
4:23 of 2nd period - Shot Blocked by Carter Verhaeghe.
4:25 of 2nd period - Slapshot by Robert Thomas.
4:25 of 2nd period - Deflect By Kevin Fiala.
4:25 of 2nd period - Stopped by Jacob Markstrom without a rebound.
4:26 of 2nd period - Alexander Wennberg wins face-off versus Jack Eichel in San Jose Sharks zone.
4:47 of 2nd period - Jaccob Slavin is hit by Carter Verhaeghe and loses puck.
5:08 of 2nd period - Slapshot by Morgan Geekie.
5:08 of 2nd period - Shot Misses the Net.
5:18 of 2nd period - Jon Merrill is hit by Yanni Gourde and loses puck.
5:19 of 2nd period - Jon Merrill from San Jose Sharks is injured at 5:19 of 2nd period (Sore Left Knee).
5:20 of 2nd period - Jack Eichel wins face-off versus Alexander Wennberg in San Jose Sharks zone.
5:37 of 2nd period - Kevin Fiala is hit by Colton Parayko and loses puck.
5:51 of 2nd period - Off-side.
5:52 of 2nd period - Robert Thomas wins face-off versus Morgan Geekie in neutral zone.
5:59 of 2nd period - Slapshot by Jaccob Slavin.
5:59 of 2nd period - Shot Hit the Post.
6:08 of 2nd period - Off-side.
6:09 of 2nd period - Alexander Wennberg wins face-off versus Jack Eichel in neutral zone.
6:12 of 2nd period - Adam Pelech is hit by Alexander Wennberg and loses puck.
6:49 of 2nd period - Travis Boyd is hit by Connor Clifton and loses puck.
7:38 of 2nd period - Minor Penalty to Casey Cizikas for High sticking.
7:39 of 2nd period - Brayden Point wins face-off versus Alexander Wennberg in San Jose Sharks zone.
7:56 of 2nd period - Snap shot by Jack Eichel.
7:56 of 2nd period - Goal by Jack Eichel - San Jose Sharks : 2 - St.Louis Blues : 2.
7:57 of 2nd period - Alexander Wennberg wins face-off versus Robert Thomas in neutral zone.
8:06 of 2nd period - Snap shot by Carter Verhaeghe.
8:06 of 2nd period - Stopped by Connor Hellebuyck with a rebound.
8:08 of 2nd period - Slapshot by Connor Murphy.
8:08 of 2nd period - Stopped by Connor Hellebuyck with a rebound.
8:10 of 2nd period - Slapshot by Mattias Samuelsson.
8:10 of 2nd period - Shot Blocked by Mikhail Sergachev.
8:12 of 2nd period - Slapshot by Connor Murphy.
8:12 of 2nd period - Shot Blocked by Colton Parayko.
8:14 of 2nd period - Snap shot by Carter Verhaeghe.
8:14 of 2nd period - Shot Blocked by Colton Parayko.
8:55 of 2nd period - Snap shot by Morgan Geekie.
8:55 of 2nd period - Shot Blocked by Jake Sanderson.
9:05 of 2nd period - Slapshot by Casey Cizikas.
9:05 of 2nd period - Stopped by Connor Hellebuyck without a rebound.
9:06 of 2nd period - Casey Cizikas wins face-off versus Isac Lundestrom in St.Louis Blues zone.
9:30 of 2nd period - Adam Pelech is hit by Casey Cizikas and loses puck.
9:45 of 2nd period - Connor Clifton is hit by Justin Barron and loses puck.
10:02 of 2nd period - Slapshot by Isac Lundestrom.
10:02 of 2nd period - Stopped by Jacob Markstrom with a rebound.
10:04 of 2nd period - Slapshot by Adam Pelech.
10:04 of 2nd period - Stopped by Jacob Markstrom without a rebound.
10:05 of 2nd period - Robert Thomas wins face-off versus Alexander Wennberg in San Jose Sharks zone.
10:22 of 2nd period - Snap shot by Kevin Fiala.
10:22 of 2nd period - Shot Misses the Net.
10:46 of 2nd period - Backhand shot by Jack Eichel.
10:46 of 2nd period - Shot Misses the Net.
10:52 of 2nd period - Minor Penalty to Connor Murphy for High sticking.
10:53 of 2nd period - Robert Thomas wins face-off versus Alexander Wennberg in San Jose Sharks zone.
10:58 of 2nd period - Wrist shot by Robert Thomas.
10:58 of 2nd period - Deflect By Anthony Beauvillier.
10:58 of 2nd period - Stopped by Jacob Markstrom without a rebound.
10:59 of 2nd period - Robert Thomas wins face-off versus Alexander Wennberg in San Jose Sharks zone.
11:14 of 2nd period - Snap shot by Jack Eichel.
11:14 of 2nd period - Shot Misses the Net.
11:24 of 2nd period - Justin Barron is hit by Jake Sanderson and loses puck.
11:39 of 2nd period - Slapshot by Robert Thomas.
11:39 of 2nd period - Goal by Robert Thomas - San Jose Sharks : 2 - St.Louis Blues : 3.
11:40 of 2nd period - Vincent Trocheck wins face-off versus Alexander Wennberg in neutral zone.
13:12 of 2nd period - Connor Murphy is hit by Yanni Gourde and loses puck.
13:23 of 2nd period - Snap shot by Vincent Trocheck.
13:23 of 2nd period - Shot Misses the Net.
14:31 of 2nd period - Jake Sanderson is hit by Josh Manson and loses puck.
15:00 of 2nd period - Andre Burakovsky is hit by Jack Eichel and loses puck.
15:27 of 2nd period - Alexander Wennberg is hit by Elias Pettersson and loses puck.
15:46 of 2nd period - Justin Barron is hit by Joona Koppanen and loses puck.
16:03 of 2nd period - Brandon Hagel is hit by Marcus Pettersson.
16:21 of 2nd period - Mark Stone is hit by Travis Boyd and loses puck.
16:43 of 2nd period - Wrist shot by Robert Thomas.
16:43 of 2nd period - Shot Blocked by Max Domi.
17:27 of 2nd period - Adam Pelech is hit by Max Domi and loses puck.
17:34 of 2nd period - Marcus Pettersson is hit by Connor Clifton.
17:38 of 2nd period - Max Domi is hit by Brandon Hagel and loses puck.
17:48 of 2nd period - Off-side.
17:49 of 2nd period - Vincent Trocheck wins face-off versus Alexander Wennberg in neutral zone.
17:52 of 2nd period - Slapshot by Jake Sanderson.
17:52 of 2nd period - Shot Misses the Net.
17:56 of 2nd period - Wrist shot by Mark Stone.
17:56 of 2nd period - Shot Blocked by Kevin Fiala.
17:58 of 2nd period - Slapshot by Jake Sanderson.
17:58 of 2nd period - Deflect By Kevin Fiala.
17:58 of 2nd period - Goal by Jake Sanderson - San Jose Sharks : 2 - St.Louis Blues : 4.
17:59 of 2nd period - Robert Thomas wins face-off versus Alexander Wennberg in neutral zone.
18:06 of 2nd period - Wrist shot by Kevin Fiala.
18:06 of 2nd period - Stopped by Connor Hellebuyck without a rebound.
18:07 of 2nd period - Robert Thomas wins face-off versus Kevin Fiala in St.Louis Blues zone.
18:14 of 2nd period - Snap shot by Carter Verhaeghe.
18:14 of 2nd period - Shot Blocked by Jake Sanderson.
18:16 of 2nd period - Slapshot by Alexander Wennberg.
18:16 of 2nd period - Deflect By Robert Thomas.
18:16 of 2nd period - Stopped by Connor Hellebuyck without a rebound.
18:17 of 2nd period - Morgan Geekie wins face-off versus Robert Thomas in St.Louis Blues zone.
18:44 of 2nd period - Kevin Fiala is hit by Jack Eichel and loses puck.
18:53 of 2nd period - Snap shot by Brayden Point.
18:53 of 2nd period - Stopped by Jacob Markstrom with a rebound.
19:23 of 2nd period - Snap shot by Andre Burakovsky.
19:23 of 2nd period - Stopped by Connor Hellebuyck with a rebound.
19:25 of 2nd period - Wrist shot by Travis Boyd.
19:25 of 2nd period - Stopped by Connor Hellebuyck without a rebound.
19:26 of 2nd period - Robert Thomas wins face-off versus Travis Boyd in St.Louis Blues zone.
19:33 of 2nd period - Wrist shot by Max Domi.
19:33 of 2nd period - Stopped by Connor Hellebuyck with a rebound.
19:39 of 2nd period - Wrist shot by Elias Pettersson.
19:39 of 2nd period - Shot Misses the Net.
19:41 of 2nd period - Snap shot by Robert Thomas.
19:41 of 2nd period - Stopped by Jacob Markstrom with a rebound.
19:43 of 2nd period - Snap shot by Alex Tuch.
19:43 of 2nd period - Stopped by Jacob Markstrom with a rebound.
19:55 of 2nd period - Snap shot by Morgan Geekie.
19:55 of 2nd period - Stopped by Connor Hellebuyck with a rebound.
Goals for this period are 0 for San Jose Sharks vs 4 for St.Louis Blues.
Shots for this period are 10 for San Jose Sharks vs 15 for St.Louis Blues.

3rd period


0:01 of 3rd period - Alexander Wennberg wins face-off versus Jack Eichel in neutral zone.
0:04 of 3rd period - Slapshot by Alexander Wennberg.
0:04 of 3rd period - Shot Misses the Net.
0:06 of 3rd period - Slapshot by Josh Manson.
0:06 of 3rd period - Shot Blocked by Jack Eichel.
0:08 of 3rd period - Wrist shot by Kevin Fiala.
0:08 of 3rd period - Shot Misses the Net.
0:10 of 3rd period - Slapshot by Justin Barron.
0:10 of 3rd period - Deflect By Carter Verhaeghe.
0:10 of 3rd period - Stopped by Connor Hellebuyck without a rebound.
0:11 of 3rd period - Robert Thomas wins face-off versus Ilya Mikheyev in St.Louis Blues zone.
0:24 of 3rd period - Wrist shot by Morgan Geekie.
0:24 of 3rd period - Stopped by Connor Hellebuyck without a rebound.
0:25 of 3rd period - Jack Eichel wins face-off versus Alexander Wennberg in St.Louis Blues zone.
0:40 of 3rd period - Brandon Hagel is hit by Carter Verhaeghe and loses puck.
1:02 of 3rd period - Wrist shot by Andre Burakovsky.
1:02 of 3rd period - Stopped by Connor Hellebuyck without a rebound.
1:03 of 3rd period - Anthony Beauvillier wins face-off versus Robert Thomas in St.Louis Blues zone.
2:18 of 3rd period - Snap shot by Jack Eichel.
2:18 of 3rd period - Stopped by Jacob Markstrom with a rebound.
2:24 of 3rd period - Snap shot by Brayden Point.
2:24 of 3rd period - Stopped by Jacob Markstrom with a rebound.
2:36 of 3rd period - Snap shot by Ilya Mikheyev.
2:36 of 3rd period - Shot Blocked by Robert Thomas.
3:05 of 3rd period - Snap shot by Carter Verhaeghe.
3:05 of 3rd period - Shot Misses the Net.
3:23 of 3rd period - Travis Boyd is hit by Joona Koppanen and loses puck.
4:00 of 3rd period - Josh Manson is hit by Connor Clifton and loses puck.
4:15 of 3rd period - Snap shot by Morgan Geekie.
4:15 of 3rd period - Stopped by Connor Hellebuyck without a rebound.
4:16 of 3rd period - Morgan Geekie wins face-off versus Vincent Trocheck in St.Louis Blues zone.
4:43 of 3rd period - Minor Penalty to Carter Verhaeghe for Tripping.
4:44 of 3rd period - Kevin Fiala wins face-off versus Robert Thomas in San Jose Sharks zone.
5:30 of 3rd period - Wrist shot by Alexander Wennberg.
5:30 of 3rd period - Goal by Alexander Wennberg - San Jose Sharks : 3 - St.Louis Blues : 4.
5:31 of 3rd period - Robert Thomas wins face-off versus Alexander Wennberg in neutral zone.
5:46 of 3rd period - Snap shot by Jack Eichel.
5:46 of 3rd period - Stopped by Jacob Markstrom without a rebound.
5:47 of 3rd period - Kevin Fiala wins face-off versus Robert Thomas in San Jose Sharks zone.
6:21 of 3rd period - Backhand shot by Elias Pettersson.
6:21 of 3rd period - Deflect By Vincent Trocheck.
6:21 of 3rd period - Shot Blocked by Casey Cizikas.
6:21 of 3rd period - Puck is out of play.
6:22 of 3rd period - Alexander Wennberg wins face-off versus Robert Thomas in San Jose Sharks zone.
6:43 of 3rd period - Penalty to Carter Verhaeghe is over, Carter Verhaeghe is back on ice.
6:51 of 3rd period - Snap shot by Joona Koppanen.
6:51 of 3rd period - Shot Misses the Net.
6:53 of 3rd period - Wrist shot by Isac Lundestrom.
6:53 of 3rd period - Stopped by Jacob Markstrom with a rebound.
6:55 of 3rd period - Snap shot by Mikhail Sergachev.
6:55 of 3rd period - Stopped by Jacob Markstrom without a rebound.
6:56 of 3rd period - Travis Boyd wins face-off versus Isac Lundestrom in San Jose Sharks zone.
7:05 of 3rd period - Snap shot by Andre Burakovsky.
7:05 of 3rd period - Shot Misses the Net.
7:09 of 3rd period - Slapshot by Andre Burakovsky.
7:09 of 3rd period - Deflect By Jake Sanderson.
7:09 of 3rd period - Shot Misses the Net.
7:09 of 3rd period - Puck is out of play.
7:10 of 3rd period - Alexander Wennberg wins face-off versus Robert Thomas in St.Louis Blues zone.
7:13 of 3rd period - Snap shot by Kevin Fiala.
7:13 of 3rd period - Stopped by Connor Hellebuyck with a rebound.
7:15 of 3rd period - Slapshot by Josh Manson.
7:15 of 3rd period - Stopped by Connor Hellebuyck with a rebound.
7:17 of 3rd period - Backhand shot by Kevin Fiala.
7:17 of 3rd period - Goal by Kevin Fiala - San Jose Sharks : 4 - St.Louis Blues : 4.
7:18 of 3rd period - Alexander Wennberg wins face-off versus Jack Eichel in neutral zone.
8:13 of 3rd period - Snap shot by Mark Stone.
8:13 of 3rd period - Stopped by Jacob Markstrom with a rebound.
8:45 of 3rd period - Mark Stone is hit by Marcus Pettersson and loses puck.
8:50 of 3rd period - Snap shot by Ilya Mikheyev.
8:50 of 3rd period - Shot Misses the Net.
8:58 of 3rd period - Snap shot by Vincent Trocheck.
8:58 of 3rd period - Shot Misses the Net.
9:33 of 3rd period - Justin Barron is hit by Brandon Hagel and loses puck.
10:00 of 3rd period - Adam Pelech is hit by Marcus Pettersson and loses puck.
10:43 of 3rd period - Snap shot by Brandon Tanev.
10:43 of 3rd period - Stopped by Connor Hellebuyck without a rebound.
10:44 of 3rd period - Robert Thomas wins face-off versus Carter Verhaeghe in St.Louis Blues zone.
10:53 of 3rd period - Snap shot by Elias Pettersson.
10:53 of 3rd period - Shot Blocked by Alexander Wennberg.
11:01 of 3rd period - Elias Pettersson is hit by Kevin Fiala and loses puck.
11:36 of 3rd period - Kevin Fiala is hit by Isac Lundestrom and loses puck.
12:18 of 3rd period - Jaccob Slavin is hit by Morgan Geekie and loses puck.
12:39 of 3rd period - Connor Clifton is hit by Brandon Tanev and loses puck.
12:48 of 3rd period - Snap shot by Casey Cizikas.
12:48 of 3rd period - Shot Blocked by Connor Clifton.
12:50 of 3rd period - Wrist shot by Connor Murphy.
12:50 of 3rd period - Stopped by Connor Hellebuyck without a rebound.
12:51 of 3rd period - Travis Boyd wins face-off versus Alex Tuch in St.Louis Blues zone.
12:56 of 3rd period - Wrist shot by Andre Burakovsky.
12:56 of 3rd period - Shot Misses the Net.
12:58 of 3rd period - Slapshot by Travis Boyd.
12:58 of 3rd period - Stopped by Connor Hellebuyck without a rebound.
12:59 of 3rd period - Travis Boyd wins face-off versus Robert Thomas in St.Louis Blues zone.
13:00 of 3rd period - Backhand shot by Max Domi.
13:00 of 3rd period - Goal by Max Domi - San Jose Sharks : 5 - St.Louis Blues : 4.
13:01 of 3rd period - Jack Eichel wins face-off versus Morgan Geekie in neutral zone.
13:36 of 3rd period - Off-side.
13:37 of 3rd period - Vincent Trocheck wins face-off versus Alexander Wennberg in neutral zone.
13:44 of 3rd period - Snap shot by Mark Stone.
13:44 of 3rd period - Stopped by Jacob Markstrom with a rebound.
14:00 of 3rd period - Minor Penalty to Yanni Gourde for Holding.
14:01 of 3rd period - Alexander Wennberg wins face-off versus Vincent Trocheck in St.Louis Blues zone.
14:16 of 3rd period - Snap shot by Alexander Wennberg.
14:16 of 3rd period - Stopped by Connor Hellebuyck without a rebound.
14:17 of 3rd period - Isac Lundestrom wins face-off versus Ilya Mikheyev in St.Louis Blues zone.
14:26 of 3rd period - Wrist shot by Max Domi.
14:26 of 3rd period - Stopped by Connor Hellebuyck with a rebound.
14:28 of 3rd period - Snap shot by Max Domi.
14:28 of 3rd period - Shot Misses the Net.
15:19 of 3rd period - Justin Barron is hit by Jaccob Slavin.
16:00 of 3rd period - Penalty to Yanni Gourde is over, Yanni Gourde is back on ice.
16:06 of 3rd period - Wrist shot by Vincent Trocheck.
16:06 of 3rd period - Shot Misses the Net.
16:31 of 3rd period - Vincent Trocheck is hit by Connor Murphy and loses puck.
16:57 of 3rd period - Vincent Trocheck is hit by Marcus Pettersson and loses puck.
17:06 of 3rd period - Snap shot by Brandon Tanev.
17:06 of 3rd period - Shot Blocked by Adam Pelech.
17:12 of 3rd period - Brandon Tanev is hit by Yanni Gourde and loses puck.
17:31 of 3rd period - Wrist shot by Yanni Gourde.
17:31 of 3rd period - Stopped by Jacob Markstrom without a rebound.
17:32 of 3rd period - Morgan Geekie wins face-off versus Jack Eichel in San Jose Sharks zone.
18:02 of 3rd period - Off-side.
18:03 of 3rd period - Robert Thomas wins face-off versus Alexander Wennberg in neutral zone.
18:34 of 3rd period - Elias Pettersson is hit by Marcus Pettersson and loses puck.
18:59 of 3rd period - Wrist shot by Andre Burakovsky.
18:59 of 3rd period - Stopped by Connor Hellebuyck with a rebound.
19:09 of 3rd period - Robert Thomas is hit by Connor Murphy and loses puck.
19:14 of 3rd period - Wrist shot by Carter Verhaeghe.
19:14 of 3rd period - Goal by Carter Verhaeghe - San Jose Sharks : 6 - St.Louis Blues : 4.
19:15 of 3rd period - Robert Thomas wins face-off versus Morgan Geekie in neutral zone.
Goals for this period are 4 for San Jose Sharks vs 0 for St.Louis Blues.
Shots for this period are 16 for San Jose Sharks vs 8 for St.Louis Blues.